 Dungeon Crawl Stone Soup version 0.25-a0-782-g655279ceaa (webtiles) character file.

Game seed: 3645959744777166576, levelgen mode: deterministic

69270 mortelune the Unseen (level 15, -7/148 HPs)
             Began as a Kobold Berserker on Apr 16, 2020.
             Was an Elder of Trog.
             Mangled by a vault guard
             ... wielding a +0 long sword
              (14 damage)
             ... while paralysed by an ogre mage
             ... on level 12 of the Dungeon.
             The game lasted 01:31:31 (33889 turns).

mortelune the Unseen (Kobold Berserker)            Turns: 33889, Time: 01:31:31

Health: -7/148     AC: 17    Str: 21    XL:     15   Next: 73%
Magic:  0/29       EV:  3    Int: 11    God:    Trog [****..]
Gold:   1703       SH:  0    Dex: 15    Spells: 14/14 levels left

rFire    + . .     SeeInvis +   a - +9 long sword "Hewky" {vorpal, MP+9 Str+3}
rCold    . . .     Gourm    .   (shield restricted)
rNeg     . . .     Faith    .   R - +3 leather armour {rF+}
rPois    .         Spirit   +   z - +2 helmet
rElec    .         Reflect  .   f - +0 cloak
rCorr    .         Harm     .   o - +0 pair of gloves
MR       +....                  (no boots)
Stlth    ..........             q - amulet of guardian spirit
HPRegen  0.34/turn              u - +4 ring of protection
MPRegen  0.21/turn              r - ring of see invisible

@: paralysed, berserking, slowed
A: small, iridescent scales 1, carnivore, deformed body, low mp 1, mutation
resistance 1
a: Berserk, Trog's Hand, Brothers in Arms, Renounce Religion


You were on level 12 of the Dungeon.
You worshipped Trog.
Trog was greatly pleased with you.
You were full.

You visited 4 branches of the dungeon, and saw 22 of its levels.
You also visited: Volcano.

You collected 2680 gold pieces.
You spent 977 gold pieces at shops.

Inventory:

Hand Weapons
 a - the +9 long sword "Hewky" (weapon) {vorpal, MP+9 Str+3}
   (You bought it in a shop on level 2 of the Orcish Mines)

   It inflicts extra damage upon your enemies.
   It affects your strength (+3).
   It affects your magic capacity (+9).
 b - a +0 arbalest
 m - the +11 dagger of Exhibitionism {vorpal, Int+3}
   (Trog gifted it to you on level 2 of the Orcish Mines)

   It inflicts extra damage upon your enemies.
   It affects your intelligence (+3).
 E - the +1 shortbow of Fedhas's Esteem {flame, Dex+4}
   (You bought it in a shop on level 2 of the Orcish Mines)

   It causes projectiles fired from it to burn those they strike, causing extra
   injury to most foes and up to half again as much damage against particularly
   susceptible opponents.
   It affects your dexterity (+4).
 L - a +3 quick blade of flaming
Missiles
 C - a bolt
 Z - 13 boomerangs (quivered)
Armour
 f - a +0 cloak (worn)
 o - a +0 pair of gloves (worn)
 z - a +2 helmet (worn)
 D - the +1 ring mail "Unnos" {rC+ Stlth+}
   (You found it on level 6 of the Lair of Beasts)

   It protects you from cold.
   It makes you more stealthy.
 O - a +2 ring mail of magic resistance
 R - a +3 leather armour of fire resistance (worn)
Jewellery
 d - the amulet "Uhoommui" {RegenMP rPois rC+}
   (You found it on level 6 of the Lair of Beasts)

   [amulet of magic regeneration]

   It increases your magic regeneration.
   It protects you from cold.
   It protects you from poison.
 q - an amulet of guardian spirit (around neck)
 r - a ring of see invisible (right hand)
 t - a +2 amulet of reflection
 u - a +4 ring of protection (left hand)
 v - an uncursed ring of protection from magic
 J - an uncursed ring of ice
Wands
 p - a wand of scattershot (4)
 F - a wand of flame (24)
 N - a wand of disintegration (6)
 P - a wand of iceblast (2)
 W - a wand of paralysis (3)
 Y - a wand of enslavement (8)
Scrolls
 h - a scroll of holy word
 i - a scroll of blinking
 l - a scroll of brand weapon
 x - 2 scrolls of enchant armour
 y - 3 scrolls of enchant weapon
 A - 3 scrolls of remove curse
 K - 2 scrolls of immolation
 V - a scroll of silence
 X - 2 scrolls of fear
Potions
 e - 3 potions of invisibility
 j - a potion of brilliance
 k - 4 potions of stabbing
 n - 10 potions of curing
 s - 2 potions of might
 w - 3 potions of mutation
 G - 2 potions of heal wounds
 H - 2 potions of haste
 I - 2 potions of flight
 M - 4 potions of lignification
 Q - 2 potions of resistance
 S - 2 potions of magic {unknown}
 T - 2 potions of berserk rage
Miscellaneous
 U - 2 boxes of beasts
Comestibles
 c - 34 rations


   Skills:
 + Level 13.4 Fighting
 + Level 14.8 Short Blades
 * Level 3.8 Crossbows
 + Level 5.6 Armour
 + Level 14.2 Dodging
 - Level 15.2 Stealth
   Level 5.7 Shields
 - Level 10.0 Evocations


You had 14 spell levels left.
You didn't know any spells.
Your spell library contained the following spells:

 Spells                   Type           Power        Failure   Level  Hunger
 Animate Skeleton         Necr           N/A          38%         1    ##.....
 Apportation              Tloc           #.....       38%         1    ##.....
 Corona                   Hex            #......      38%         1    ##.....
 Shock                    Conj/Air       #...         38%         1    ##.....
 Sting                    Tmut/Pois      #...         38%         1    ##.....
 Summon Small Mammal      Summ           #...         38%         1    ##.....
 Call Imp                 Summ           #.......     52%         2    ###....
 Poisonous Vapours        Pois/Air       #.....       52%         2    ###....
 Swiftness                Chrm/Air       #.......     52%         2    ###....
 Call Canine Familiar     Summ           #.......     77%         3    ####...
 Confusing Touch          Hex            #.......     77%         3    ####...
 Conjure Flame            Conj/Fire      #.......     77%         3    ####...
 Gell's Gravitas          Tloc           #.........   77%         3    ####...
 Ignite Poison            Fire/Tmut/Pois #.......     77%         3    ####...
 Mephitic Cloud           Conj/Pois/Air  #.......     77%         3    ####...
 Static Discharge         Conj/Air       #.......     77%         3    ####...
 Summon Guardian Golem    Hex/Summ       #.......     77%         3    ####...
 Airstrike                Air            #.........   99%         4    #####..
 Olgreb's Toxic Radiance  Pois           #.......     99%         4    #####..
 Petrify                  Tmut/Erth      #.......     99%         4    #####..
 Summon Ice Beast         Ice/Summ       #.......     99%         4    #####..
 Summon Lightning Spire   Summ/Air       #.......     99%         4    #####..
 Lightning Bolt           Conj/Air       #.........   100%        5    ######.
 Metabolic Englaciation   Hex/Ice        #.........   100%        5    ######.
 Yara's Violent Unravell  Hex/Tmut       #.........   100%        5    ######.
 Freezing Cloud           Conj/Ice/Air   #.........   100%        6    #######
 Ring of Flames           Chrm/Fire      #.........   100%        7    #######


Dungeon Overview and Level Annotations

Branches:
Dungeon (13/15)            Temple (1/1) D:5            Lair (6/6) D:10
  Swamp (0/4) Lair:4        Snake (0/4) Lair:4        Slime (0/5) Lair:6
    Orc (2/2) D:11            Elf (0/3) Orc:2       Volcano (visited)
 Vaults: D:13-14

Altars:
Ashenzari
Cheibriados
Dithmenos
Elyvilon
Fedhas
Gozag
Hepliaklqana
Kikubaaqudgha
Makhleb
Nemelex Xobeh
Okawaru
Qazlal
Ru
Sif Muna
Trog
Uskayaw
Vehumet
Wu Jian
Xom
Yredelemnul
Zin
The Shining One
Beogh
Lugonu

Shops:
D:10 !   Orc:2 ([}!*

Portals:
Hell: Lair:6
Trove: D:12 (give +7 demon whip)

Annotations:
D:13 1 transporter, Itickelo's ghost, journeyman DrCj; Jorgrun
Lair:6 3 runed translucent doors, Glokmah's ghost, journeyman MfIE


Innate Abilities, Weirdness & Mutations

You are small and have problems with some larger weapons.
You are carnivorous and can eat meat at any time.
You are partially covered in iridescent scales. (AC +2)
Armour fits poorly on your strangely shaped body.
Your magical capacity is low. (-10% MP)
You are somewhat resistant to further mutation.


Message History

You feel yourself moving faster!
You feel mighty! The vault guard completely misses you.
The ogre mage hits you but does no damage.
The vault guard hits you with a +0 long sword!
* * * LOW HITPOINT WARNING * * *
You closely miss the vault guard.
The vault guard is lightly wounded.
The ogre mage misses you.
You riposte.
You barely miss the ogre mage.
The ogre mage is moderately wounded.
The vault guard completely misses you.
You slash the vault guard!
The vault guard is moderately wounded.
The ogre mage casts a spell at you.
You suddenly lose the ability to move!
The vault guard hits you with a +0 long sword!
* * * LOW HITPOINT WARNING * * *
The ogre mage hits you with a +0 flail!
* * * LOW HITPOINT WARNING * * *
The vault guard hits you with a +0 long sword!
You die...

#.###.## #.# #.# #.# #......#
#.# #.# #(# #####..# #.###'##
####.# #..# #.##...## #....#
##..###.#.....## #.####
##..............## ##.##
##....###.........####...######
#.......+....Op...'............
##....###.....@...###..#..#.###
##.#.# ##.....>.###..###...#
###.## ##....|###..## ##..##
#..# ##...###..## ##..## ##.#
##'###...# #...#
#.######.......### ###....
#.........#####..#.#..####
#..##.##..#z. #..#.#..#
#..#......#..##.)#.#..##.


You could see a vault guard and an ogre mage.

Vanquished Creatures
  Erolcha (D:10)
  A vault guard (D:13)
  Fannar (D:10)
  3 hydras
  A centaur warrior (D:12)
  11 two-headed ogres
  2 tengu warriors
  4 ogre magi
  An orc high priest (Orc:1)
  Urug (D:13)
  A sun demon (Lair:6)
  Nergalle (D:12)
  A skeletal warrior (D:12)
  An unseen horror (D:13)
  A wizard (Lair:6)
  2 orc knights (Orc:1)
  A necromancer (Lair:5)
  An ugly thing (D:11)
  A slime creature (Lair:5)
  10 elephants
  A cyclops (D:11)
  5 black mambas
  2 molten gargoyles (Volcano)
  A torpor snail (Lair:6)
  6 spiny frogs
  2 rime drakes (Lair:6)
  5 komodo dragons
  2 ice devils (Lair:6)
  2 tengu conjurers
  2 red devils (Lair:6)
  A polar bear (Lair:5)
  4 trolls
  A queen bee (D:12)
  A hornet (D:8)
  Prince Ribbit (Lair:3)
  15 blink frogs
  A dream sheep (Lair:6)
  11 hippogriffs
  A shadow (D:12)
  50 yaks
  2 vampires (D:12)
  A wraith (D:11)
  2 wyverns (Lair:6)
  2 fire bats (Volcano)
  9 basilisks
  A human (D:13)
  4 vampire mosquitoes (Lair:4)
  6 hungry ghosts
  Grum (D:10)
  Menkaure (D:4)
  3 wargs
  3 nagas (Lair:4)
  12 water moccasins
  6 hell hounds
  2 porcupines (Lair:1)
  3 ice beasts
  A necrophage (D:7)
  3 sky beasts
  2 black bears
  32 ogres
  3 phantoms
  13 wolves
  15 orc warriors
  10 centaurs
  5 crocodiles
  2 big kobolds
  A gnoll sergeant (D:8)
  11 bullfrogs
  6 scorpions
  5 jellies
  18 killer bees (D:12)
  2 electric eels (Lair:4)
  8 wights
  2 howler monkeys
  7 crimson imps
  2 bullfrog zombies
  2 lava snakes (Volcano)
  2 centaur zombies
  11 hounds
  16 orc priests
  25 orc wizards
  3 bullfrog skeletons
  A centaur skeleton (D:10)
  Terence (D:2)
  3 iguanas
  11 worker ants
  A yak simulacrum (Lair:5)
  4 polar bear simulacra (Lair:5)
  3 wolf simulacra (Lair:5)
  6 ogre zombies (D:11)
  2 hound zombies
  4 hound skeletons
  2 worker ant zombies (D:11)
  8 gnolls (D:8)
  12 adders
  An ooze (D:7)
  4 worms
  2 dart slugs
  2 leopard geckos
  64 orcs
  9 giant cockroaches
  7 goblins
  5 hobgoblins
  22 jackals
  2 quokkas
  A ball python (D:1)
  10 bats
  6 frilled lizards
  A giant cockroach zombie (D:5)
  A goblin skeleton (D:11)
  2 goblin zombies (D:11)
  2 hobgoblin skeletons (D:11)
  4 hobgoblin zombies (D:11)
  13 kobolds
  A leopard gecko skeleton (D:4)
  A leopard gecko zombie (D:7)
  An orc skeleton (D:11)
  5 orc zombies (D:11)
  8 rats
  3 river rat simulacra (Lair:5)
660 creatures vanquished.

Vanquished Creatures (collateral kills)
  A dire elephant (Lair:6)
  A vault guard (D:12)
  A two-headed ogre (Orc:1)
  A hell hog (Volcano)
  A fire crab (Volcano)
  A gargoyle (D:11)
  A hellwing (Lair:6)
  A red devil (Lair:6)
  A shadow (D:12)
  4 yaks (D:11)
  A hungry ghost (D:11)
  3 hell hounds (Volcano)
  An orc warrior (Orc:1)
  A phantom (D:11)
  2 ogre zombies (D:11)
  An orc (Orc:1)
  A goblin skeleton (D:11)
  A hobgoblin skeleton (D:11)
  2 hobgoblin zombies (D:11)
  An orc skeleton (D:11)
  5 orc zombies (D:11)
32 creatures vanquished.

Vanquished Creatures (others)
  9 fungi
  3 plants
12 creatures vanquished.

Grand Total: 704 creatures vanquished

Notes
Turn   | Place    | Note
-------+----------+-------------------------------------------
     0 | D:1      | mortelune the Kobold Berserker began the quest for the Orb.
     0 | D:1      | Reached XP level 1. HP: 14/14 MP: 1/1
    93 | D:1      | Reached XP level 2. HP: 13/19 MP: 2/2
   876 | D:1      | Reached XP level 3. HP: 20/24 MP: 3/3
  1498 | D:2      | Reached skill level 1 in Stealth
  1553 | D:2      | Reached XP level 4. HP: 29/29 MP: 4/4
  1644 | D:2      | Noticed Terence
  1671 | D:2      | Killed Terence
  1671 | D:2      | Reached skill level 5 in Short Blades
  1719 | D:2      | Reached ** piety under Trog
  2128 | D:2      | Found a sparkling altar of Nemelex Xobeh.
  2287 | D:3      | Reached XP level 5. HP: 33/33 MP: 5/5
  2367 | D:3      | Found a blossoming altar of Fedhas.
  2438 | D:3      | Reached skill level 2 in Stealth
  3244 | D:4      | Reached XP level 6. HP: 39/39 MP: 6/6
  3314 | D:4      | Reached *** piety under Trog
  3344 | D:4      | Reached skill level 3 in Stealth
  3417 | D:4      | Noticed a phantom
  3547 | D:4      | Killed a phantom
  3547 | D:4      | Reached XP level 7. HP: 44/44 MP: 7/7
  3631 | D:4      | Noticed Menkaure
  3647 | D:4      | Killed Menkaure
  3647 | D:4      | Reached skill level 5 in Fighting
  3647 | D:4      | Reached skill level 4 in Stealth
  3834 | D:4      | Reached skill level 5 in Dodging
  3834 | D:4      | Reached XP level 8. HP: 49/49 MP: 8/8
  4202 | D:4      | Found a bloodstained altar of Trog.
  4462 | D:4      | Found a sacrificial altar of Ru.
  4478 | D:4      | Reached skill level 5 in Stealth
  4853 | D:5      | Entered Level 5 of the Dungeon
  4991 | D:5      | Found a staircase to the Ecumenical Temple.
  5009 | Temple   | Entered the Ecumenical Temple
  5216 | D:5      | Found a hazy altar of Hepliaklqana.
  6493 | D:5      | Found a hide-covered altar of Uskayaw.
  6679 | D:6      | Reached skill level 6 in Stealth
  6724 | D:6      | Reached XP level 9. HP: 50/55 MP: 9/9
  6904 | D:6      | Found a radiant altar of Vehumet.
  6980 | D:6      | Found an opulent altar of Gozag.
  6981 | D:6      | Found a stormy altar of Qazlal.
  7152 | D:6      | Reached skill level 10 in Short Blades
  7649 | D:7      | Reached skill level 7 in Stealth
  7690 | D:7      | Noticed a hippogriff
  7718 | D:7      | Killed a hippogriff
  8170 | D:7      | Reached **** piety under Trog
  8358 | D:7      | Noticed a hippogriff
  8359 | D:7      | Killed a hippogriff
  8394 | D:7      | Found a shadowy altar of Dithmenos.
  8558 | D:7      | Reached skill level 8 in Stealth
  8558 | D:7      | Reached XP level 10. HP: 61/63 MP: 10/10
  8856 | D:7      | Found a shimmering blue altar of Sif Muna.
  9010 | D:7      | Gained mutation: You occasionally shout uncontrollably at
                  | your foes. [potion of mutation]
  9010 | D:7      | Gained mutation: You sometimes yell uncontrollably at your
                  | foes. [potion of mutation]
  9010 | D:7      | Gained mutation: You are covered in fur. (AC +1) [potion of
                  | mutation]
  9046 | D:7      | Lost mutation: You sometimes yell uncontrollably at your
                  | foes. [potion of mutation]
  9046 | D:7      | Lost mutation: You occasionally shout uncontrollably at
                  | your foes. [potion of mutation]
  9046 | D:7      | Lost mutation: You are covered in fur. (AC +1) [potion of
                  | mutation]
  9046 | D:7      | Gained mutation: Scrolls take you a little longer to read.
                  | [potion of mutation]
  9046 | D:7      | Gained mutation: Your magical capacity is low. (-10% MP)
                  | [potion of mutation]
  9046 | D:7      | Gained mutation: You have large cloven feet. [potion of
                  | mutation]
  9047 | D:7      | Lost mutation: Your magical capacity is low. (-10% MP)
                  | [potion of mutation]
  9047 | D:7      | Lost mutation: Scrolls take you a little longer to read.
                  | [potion of mutation]
  9047 | D:7      | Gained mutation: Armour fits poorly on your strangely
                  | shaped body. [potion of mutation]
  9047 | D:7      | Gained mutation: Your magical capacity is low. (-10% MP)
                  | [potion of mutation]
  9047 | D:7      | Gained mutation: You are resistant to hostile enchantments.
                  | (MR+) [potion of mutation]
  9048 | D:7      | Lost mutation: You have large cloven feet. [potion of
                  | mutation]
  9048 | D:7      | Lost mutation: You are resistant to hostile enchantments.
                  | (MR+) [potion of mutation]
  9048 | D:7      | Gained mutation: You are partially covered in iridescent
                  | scales. (AC +2) [potion of mutation]
  9048 | D:7      | Gained mutation: You are somewhat resistant to further
                  | mutation. [potion of mutation]
  9264 | D:8      | Paralysed by fainting for 11 turns
  9319 | D:8      | Paralysed by a hornet for 1 turns
  9337 | D:8      | HP: 2/94 [hornet (8)]
  9342 | D:8      | HP: 2/96 [poisoned by a hornet]
 10077 | D:8      | Reached skill level 9 in Stealth
 10201 | D:8      | Found an ornate altar of the Wu Jian Council.
 10801 | D:9      | Found an iron altar of Okawaru.
 10896 | D:9      | Found a glowing golden altar of the Shining One.
 11145 | D:9      | Found a white marble altar of Elyvilon.
 11147 | D:9      | Found a snail-covered altar of Cheibriados.
 11242 | D:10     | Entered Level 10 of the Dungeon
 11242 | D:10     | Noticed Erolcha
 11253 | D:10     | Killed Erolcha
 11253 | D:10     | Reached skill level 10 in Stealth
 11253 | D:10     | Reached XP level 11. HP: 69/69 MP: 9/9
 11275 | D:10     | Found Yraw's Distillery.
 11320 | D:10     | Bought a potion of heal wounds for 50 gold pieces
 11320 | D:10     | Bought a potion of haste for 100 gold pieces
 11320 | D:10     | Bought a potion of haste for 100 gold pieces
 11320 | D:10     | Bought a potion of flight for 30 gold pieces
 11320 | D:10     | Bought a potion of stabbing for 40 gold pieces
 11320 | D:10     | Bought a potion of curing for 30 gold pieces
 11320 | D:10     | Bought 2 potions of heal wounds for 100 gold pieces
 11335 | D:10     | Noticed Fannar
 11533 | D:10     | Noticed Grum
 11545 | D:10     | Killed Grum
 11765 | D:10     | Killed Fannar
 11782 | D:10     | Found a staircase to the Lair.
 11996 | D:10     | Reached skill level 11 in Stealth
 12263 | D:11     | Found a staircase to the Orcish Mines.
 12337 | D:11     | Noticed a cyan ugly thing
 12337 | D:11     | Reached skill level 10 in Dodging
 12473 | D:11     | Killed a cyan ugly thing
 12750 | D:11     | Reached ***** piety under Trog
 12750 | D:11     | Received a gift from Trog
 12995 | D:11     | Reached XP level 12. HP: 39/77 MP: 10/10
 13286 | D:11     | Reached skill level 10 in Fighting
 14292 | Lair:1   | Entered Level 1 of the Lair of Beasts
 14438 | Lair:1   | Reached skill level 12 in Stealth
 14859 | Lair:1   | Reached skill level 1 in Evocations
 15834 | Lair:2   | Received a gift from Trog
 15915 | Lair:2   | Found a dark tunnel.
 15924 | Volcano  | Entered a volcano
 16255 | Volcano  | Found a radiant altar of Vehumet.
 16255 | Volcano  | Noticed a hell hog
 16264 | Volcano  | Killed a hell hog
 16278 | Volcano  | Noticed a fire crab
 16282 | Volcano  | Killed a fire crab
 16282 | Volcano  | Reached XP level 13. HP: 51/84 MP: 14/14
 16446 | Volcano  | Reached skill level 13 in Stealth
 17185 | Lair:3   | Noticed Prince Ribbit
 17202 | Lair:3   | Reached skill level 5 in Armour
 17214 | Lair:3   | Killed Prince Ribbit
 17708 | Lair:3   | Reached skill level 5 in Evocations
 18140 | Lair:4   | Found a staircase to the Snake Pit.
 18323 | Lair:4   | Reached skill level 1 in Shields
 18654 | Lair:4   | Found a staircase to the Swamp.
 20504 | Lair:5   | Reached skill level 14 in Stealth
 21635 | Lair:6   | Entered Level 6 of the Lair of Beasts
 21635 | Lair:6   | Found a staircase to the Slime Pits.
 21974 | Lair:6   | Noticed a five-headed hydra
 21990 | Lair:5   | Killed a five-headed hydra
 22011 | Lair:6   | Reached XP level 14. HP: 74/91 MP: 17/17
 22140 | Lair:6   | Got a shimmering ring mail
 22155 | Lair:6   | Identified the +1 ring mail "Unnos" {rC+ Stlth+} (You found
                  | it on level 6 of the Lair of Beasts)
 23344 | Lair:6   | Found a runed translucent gate.
 23344 | Lair:6   | Found a runed translucent gate.
 23344 | Lair:6   | Found a runed translucent gate.
 23355 | Lair:6   | Got a transparent golden amulet
 23480 | Lair:6   | Received a gift from Trog
 23915 | Lair:6   | Noticed Glokmah's ghost (journeyman MfIE)
 24004 | Lair:6   | Noticed a dire elephant
 24057 | Lair:6   | Killed a dire elephant
 24193 | Lair:6   | Found a burning altar of Makhleb.
 24315 | Lair:6   | Reached skill level 15 in Stealth
 24851 | Lair:6   | Found a gateway to Hell.
 25747 | Orc:1    | Entered Level 1 of the Orcish Mines
 25818 | Orc:2    | Entered Level 2 of the Orcish Mines
 26491 | Orc:2    | Reached skill level 5 in Shields
 26663 | D:11     | Reached XP level 15. HP: 42/97 MP: 11/19
 28838 | Orc:2    | Received a gift from Trog
 28848 | Orc:2    | Got a transparent dagger {god gift}
 28849 | Orc:2    | Identified the +11 dagger of Exhibitionism {vorpal, Int+3}
                  | (Trog gifted it to you on level 2 of the Orcish Mines)
 29021 | Orc:2    | Found Juoluotz's Gadget Boutique.
 29021 | Orc:2    | Found Uggeggih's General Store.
 29021 | Orc:2    | Found Tennei Hise's Antique Armour Shoppe.
 29021 | Orc:2    | Found Tuirakoy's Distillery.
 29029 | Orc:2    | Bought a potion of resistance for 130 gold pieces
 29091 | Orc:2    | Found a staircase to the Elven Halls.
 29140 | Orc:2    | Found Beaty's Antique Weapon Emporium.
 29148 | Orc:2    | Bought a jewelled long sword for 170 gold pieces
 29148 | Orc:2    | Bought a transparent shortbow for 160 gold pieces
 29231 | Orc:2    | Identified the +9 long sword "Hewky" {vorpal, MP+9 Str+3}
                  | (You bought it in a shop on level 2 of the Orcish Mines)
 29237 | Orc:2    | Identified the cursed +1 shortbow of Fedhas's Esteem
                  | {flame, Dex+4} (You bought it in a shop on level 2 of the
                  | Orcish Mines)
 29829 | Orc:2    | Bought a +0 arbalest for 67 gold pieces
 30360 | Orc:1    | Found a roughly hewn altar of Beogh.
 31281 | D:12     | Reached skill level 1 in Crossbows
 31997 | D:12     | Identified the amulet "Uhoommui" {RegenMP rPois rC+} (You
                  | found it on level 6 of the Lair of Beasts)
 32121 | D:13     | Reached skill level 10 in Evocations
 32717 | D:12     | Noticed Nergalle
 32726 | D:12     | Killed Nergalle
 32916 | D:12     | Found a portal to a secret trove of treasure.
 33155 | D:13     | Noticed Urug
 33236 | D:13     | Killed Urug
 33254 | D:13     | Found a transporter.
 33260 | D:13     | Noticed Itickelo's ghost (journeyman DrCj)
 33269 | D:13     | Noticed Jorgrun
 33887 | D:12     | Paralysed by an ogre mage for 4 turns
 33888 | D:12     | HP: 7/148 [ogre mage/+0 flail (7)]
 33889 | D:12     | Mangled by a vault guard

Levels and vault maps discovered:
D:1:      psy_arrival_radial02, layout_basic, serial_co_window_serial,
          co_window_paths_b, co_window_corner_a, co_window_corner_a,
          co_window_cross_1, co_window_corner_a, co_window_paths_c,
          co_window_2corner, co_window_cross_2, co_window_paths_e,
          glass_columns_a
D:2:      layout_basic, old_standard_altar, serial_glass, glass_columns_c,
          glass_columns_a, uniq_terence
D:3:      layout_loops_ring, first_ration, fedhas_altar_2
D:4:      layout_loops_corners, old_standard_altar, kennysheep_mini_moat,
          uniq_menkaure
D:5:      layout_basic, lemuel_crystal_altar, eat_drink_and_be_merry_uskayaw,
          temple_statues
D:6:      layout_loops_ring, lemuel_crystal_altar,
          gammafunk_temple_overflow_pools
D:7:      layout_loops_corners, lemuel_crystal_altar, led_sif_book
D:8:      layout_basic, lemuel_doored_altar
D:9:      layout_roguey, okawaru_trees_2, nicolae_overflow_hidden_temple,
          tso_altar
D:10:     layout_long_grid, lair_entry_dummy, serial_shops, shop, uniq_grum,
          uniq_fannar, uniq_erolcha
D:11:     layout_loops_ring, zombieorc2_lemuel
D:12:     minmay_inside_and_out, layout_loops_corners, enter_trove_5,
          david_nohive_1, uniq_nergalle
D:13:     layout_small_grid, grunt_vaults_entry_fortified,
          gammafunk_ghost_stat_death, corexii_hall_statues_i, uniq_jorgrun,
          uniq_urug
Temple:   corrupted_temple
Lair:1:   layout_roguey, serial_bayou_shore_b
Lair:2:   layout_roguey, nicolae_volcano_entry_s_turn, serial_bayou_lagoon_a,
          nicolae_lair_grove_arrangements
Lair:3:   layout_roguey, uniq_prince_ribbit2
Lair:4:   layout_loops_ring, minmay_swamp_entry_swarm,
          minmay_snake_entry_guardpost_small, lookout_lair_type,
          nicolae_quartered_pool_super
Lair:5:   layout_cave_pods, eino_house_with_fridge
Lair:6:   evil_forest, layout_loops_ring, minmay_slime_entry_pillars,
          ebering_ghost_rock_garden, kennysheep_basilisk_garden
Orc:1:    layout_caves, bh_open_orc_temple
Orc:2:    st_orc_ogre_mass, layout_caves, serial_shops, shop

Skill      XL: |  1  2  3  4  5  6  7  8  9 10 11 12 13 14 15 |
---------------+----------------------------------------------+-----
Dodging        | 3 4 5 6 7 9 10 11 12 13 14 | 14.2
Stealth        | 1 2 3 4 6 8 10 11 12 14 15 | 15.2
Fighting       | 4 5 6 7 8 9 10 11 12 13 | 13.4
Short Blades   | 5 6 7 9 11 12 13 14 | 14.8
Armour         | 2 4 5 |  5.6
Evocations     | 3 6 9 10 | 10.0
Shields        | 3 5 |  5.7
Crossbows      | 3 |  3.8

Action                   |  1- 3 |  4- 6 |  7- 9 | 10-12 | 13-15 || total
-------------------------+-------+-------+-------+-------+-------++-------
Melee: Short sword       |    82 |   312 |   406 |   668 |   134 ||  1602
       Dagger            |       |       |    84 |       |   144 ||   228
       Quick blade       |       |       |       |   517 |  1963 ||  2480
       Rapier            |       |       |       |    12 |    22 ||    34
       Long sword        |       |       |       |       |   122 ||   122
 Fire: Arbalest          |       |       |       |       |    53 ||    53
Throw: Boomerang         |       |       |       |       |    12 ||    12
Invok: Berserk           |     5 |     8 |     6 |    19 |     8 ||    46
       Trog's Hand       |       |     3 |     8 |    12 |     7 ||    30
       Brothers in Arms  |       |       |       |     5 |     5 ||    10
Evoke: Wand              |       |       |       |    11 |     7 ||    18
  Use: Scroll            |       |     6 |     6 |     6 |    14 ||    32
       Potion            |       |       |       |    13 |     6 ||    19
 Stab: Distracted        |     1 |       |     1 |     2 |     2 ||     6
       Sleeping          |       |       |     5 |    19 |    22 ||    46
       Paralysed         |       |       |       |       |     4 ||     4
  Eat: Chunk             |    10 |    13 |    28 |    61 |    69 ||   181
       Ration            |       |       |       |     3 |     5 ||     8
Armor: Animal skin       |    15 |       |       |       |       ||    15
       Leather armour    |     3 |       |       |       |   248 ||   251
       Scale mail        |       |    71 |   108 |   172 |       ||   351
       Ring mail         |       |       |       |    23 |       ||    23
Dodge: Dodged            |    84 |   187 |   191 |   565 |  1333 ||  2360
Block: Other             |       |       |    14 |    36 |     2 ||    52
       Reflection        |       |       |       |     1 |       ||     1
       Buckler           |       |       |       |       |   290 ||   290
       Rpst.: Long sword |       |       |       |       |    55 ||    55

Table legend:
 A = Non-vault XP
 B = Vault XP
 C = Vault XP percentage of total XP
 D = Non-vault monster count
 E = Vault monster count
 F = Vault count percentage of total count
                 A         B        C        D         E       F
            +---------+---------+-------+---------+---------+-------
      Total |   53985 |   44973 |  45.4 |     507 |     185 |  26.7
            +---------+---------+-------+---------+---------+-------
        D:1 |      34 |       0 |   0.0 |      21 |       0 |   0.0
        D:2 |      59 |      38 |  39.2 |      14 |       1 |   6.7
        D:3 |      94 |       0 |   0.0 |      34 |       0 |   0.0
        D:4 |     827 |     169 |  17.0 |      32 |       1 |   3.0
        D:5 |     587 |       0 |   0.0 |      25 |       0 |   0.0
        D:6 |     558 |       0 |   0.0 |      11 |       0 |   0.0
        D:7 |    1781 |      74 |   4.0 |      27 |       2 |   6.9
        D:8 |    1973 |       0 |   0.0 |      38 |       0 |   0.0
        D:9 |    1441 |       0 |   0.0 |      26 |       0 |   0.0
       D:10 |    1661 |    2554 |  60.6 |      26 |       7 |  21.2
       D:11 |    4906 |    7110 |  59.2 |      40 |      52 |  56.5
       D:12 |    1348 |    6198 |  82.1 |      10 |      25 |  71.4
       D:13 |    2929 |    2120 |  42.0 |      11 |       4 |  26.7
     Lair:1 |    4178 |       0 |   0.0 |      24 |       0 |   0.0
     Lair:2 |    4742 |       0 |   0.0 |      23 |       0 |   0.0
     Lair:3 |    2392 |    1064 |  30.8 |      11 |       4 |  26.7
     Lair:4 |    2811 |    1193 |  29.8 |      10 |       7 |  41.2
     Lair:5 |    8120 |    1414 |  14.8 |      27 |      14 |  34.1
     Lair:6 |    8030 |    9602 |  54.5 |      27 |      32 |  54.2
      Orc:1 |    3104 |    6653 |  68.2 |      34 |      15 |  30.6
      Orc:2 |    2410 |    4226 |  63.7 |      36 |       9 |  20.0
    Volcano |       0 |    2558 | 100.0 |       0 |      12 | 100.0
            +---------+---------+-------+---------+---------+-------
